 Dungeon Crawl Stone Soup version 0.28-a0-43-g560ac104fe (webtiles) character file.

Game seed: 6872453992222293855

3516 Sobieck the Thaumaturge (level 9, -4/46 HPs)
             Began as a Deep Elf Conjurer on July 28, 2021.
             Was a Follower of Vehumet.
             Slain by a hornet (8 damage)
             ... on level 8 of the Dungeon.
             The game lasted 00:20:45 (9928 turns).

Sobieck the Thaumaturge (Deep Elf Conjurer)         Turns: 9928, Time: 00:20:45

Health: -4/46      AC:  6    Str:  4    XL:     9   Next: 81%
Magic:  20/25      EV: 13    Int: 33    God:    Vehumet [*.....]
Gold:   366        SH:  0    Dex: 13    Spells: 17/28 levels left

rFire   . . .      SeeInvis .   z - +0 falchion (flame) {long}
rCold   . . .      Faith    .   (no shield)
rNeg    . . .      Spirit   .   a - +1 robe
rPois   .          Reflect  .   (no helmet)
rElec   .          Harm     .   (no cloak)
rCorr   .          Rampage  .   G - +2 pair of gloves
Will    .....                   (no boots)
Stlth   ++........              (no amulet)
HPRegen 0.15/turn               M - ring of wizardry
MPRegen 0.19/turn               D - +6 ring of intelligence

@: lethally poisoned (-4 -> -9), slowed, very slow
A: no striking features
a: Renounce Religion


You were on level 8 of the Dungeon.
You worshipped Vehumet.
Vehumet was aware of your devotion.
You visited 2 branches of the dungeon, and saw 9 of its levels.

You collected 366 gold pieces.


   Skills:
 + Level 0.4 Fighting
 + Level 3.3 Dodging
 + Level 2.7 Stealth
 - Level 10.0 Spellcasting
 - Level 10.0 Conjurations
 - Level 10.0 Hexes
 - Level 3.0 Translocations
 + Level 1.8 Evocations


You had 17 spell levels left.
You knew the following spells:

 Your Spells              Type           Power      Damage    Failure   Level
a - Magic Dart            Conj           100%       1d8       1%          1
b - Searing Ray           Conj           100%       3d7       1%          2
c - Fulminant Prism       Conj/Hex       35%        3d18      1%          4
d - Iskenderun's Mystic   Conj/Tloc      56%        2d12      1%          4

Your spell library contained the following spells:

 Spells                   Type           Power      Damage    Failure   Level
 Shock                    Conj/Air       100%       1d9       1%          1
 Sandblast                Erth           32%        2d9       1%          1
 Blink                    Tloc           N/A        N/A       1%          2
 Corpse Rot               Necr/Air       N/A        N/A       1%          2
 Passwall                 Tmut/Erth      13%        N/A       1%          2
 Dazzling Flash           Conj/Hex       100%       N/A       1%          3
 Gell's Gravitas          Tloc           18%        N/A       1%          3
 Mephitic Cloud           Conj/Pois/Air  38%        N/A       1%          3
 Teleport Other           Tloc           36%        N/A       1%          3
 Ignite Poison            Fire/Tmut/Pois 16%        N/A       3%          3
 Silence                  Hex/Air        24%        N/A       4%          5
 Bolt of Magma            Conj/Fire/Erth 19%        4d10      9%          5
 Manifold Assault         Tloc           36%        N/A       9%          5
 Dispel Undead            Necr           16%        3d10      12%         4
 Conjure Ball Lightning   Conj/Air       24%        3x3d7     22%         6
 Agony                    Necr           16%        N/A       30%         5
 Lee's Rapid Deconstruct  Erth           8%         3d8*      30%         5
 Dispersal                Tloc           18%        N/A       43%         6
 Discord                  Hex            35%        N/A       73%         8
 Death Channel            Necr           8%         N/A       83%         6
 Storm Form               Tmut/Air       8%         N/A       100%        7
 Disjunction              Tloc           18%        N/A       100%        8

Inventory:

Hand Weapons
 c - a +0 hand axe {axe}
   (You found it on level 4 of the Dungeon)
 h - a +0 whip {mace}
   (You took it off a gnoll on level 4 of the Dungeon)
 i - a +0 flail {mace}
   (You took it off a gnoll on level 4 of the Dungeon)
 j - a +0 hunting sling {sling}
   (You took it off a goblin on level 4 of the Dungeon)
 l - a +0 club {mace}
   (You took it off a goblin on level 4 of the Dungeon)
 n - a +0 spear {polearm}
   (You took it off a gnoll on level 4 of the Dungeon)
 o - a +0 spear {polearm}
   (You took it off a gnoll on level 4 of the Dungeon)
 p - a +0 club {mace}
   (You took it off a kobold on level 4 of the Dungeon)
 u - a +0 flail {mace}
   (You took it off an orc on level 4 of the Dungeon)
 v - a +0 hunting sling {sling}
   (You took it off a goblin on level 4 of the Dungeon)
 w - a +0 club {mace}
   (You took it off a goblin on level 4 of the Dungeon)
 z - a +0 falchion of flaming (weapon) {long}
   (You found it on level 4 of the Dungeon)
Missiles
 d - 96 arrows
 f - 4 throwing nets {=f!fthrowing}
 g - 271 stones {throwing}
 q - 12 boomerangs {throwing}
 B - 59 bolts
 J - 82 sling bullets
 N - 7 javelins {throwing}
 P - 13 poisoned darts {throwing}
Armour
 a - a +1 robe (worn)
 G - a +2 pair of gloves (worn)
   (You found it on level 5 of the Dungeon)
Jewellery
 e - a ring of willpower
   (You found it on level 1 of the Dungeon)
 D - a +6 ring of intelligence (right hand)
   (You found it on level 3 of the Dungeon)
 M - a ring of wizardry (left hand)
   (You found it on level 6 of the Dungeon)
Wands
 x - a wand of flame (17)
   (You took it off Natasha on level 2 of the Dungeon)
 y - a wand of acid (12)
   (You took it off a goblin on level 4 of the Dungeon)
Scrolls
 m - 4 scrolls of teleportation {@r4}
 s - 2 scrolls of amnesia
 E - a scroll of immolation {!r!r}
 F - 2 scrolls of fog
 I - 2 scrolls of identify {@r1}
 O - 2 scrolls of magic mapping {!r}
Potions
 b - a potion of brilliance
 k - 3 potions of heal wounds {@q2}
 t - 4 potions of curing {@q1}
 A - a potion of flight
 C - 3 potions of resistance
 H - a potion of lignification {!q}
 K - 2 potions of attraction {!q}
 L - a potion of might
 Q - a potion of berserk rage {!q}

Dungeon Overview and Level Annotations

Branches:
Dungeon (8/15)             Temple (1/1) D:5
   Lair: D:8-11

Altars:
Ashenzari
Cheibriados
Dithmenos
Elyvilon
Fedhas
Gozag
Hepliaklqana
Kikubaaqudgha
Makhleb
Okawaru
Qazlal
Ru
Sif Muna
Trog
Uskayaw
Vehumet
Wu Jian
Xom
Yredelemnul
Zin
The Shining One

Annotations:
D:1 1 runed translucent door
D:4 exclusion: downstairs
D:7 3 runed translucent doors, exclusion: downstairs, Hubris850's ghost, novice MiMo

...# ##......# ....#
##.......#
#...###........# ...
#...#.........#
..... #........#...#
.....# #......#....#
......# #.....#....#
......###..........#
#.........#..@y...#
#........####.[...#
##.....###
###....... ##...##
###...... #....#
###..... #...##.#
..... ..## #<##
....# # ##.# .###
###


You could see a hornet.


Message History

You kill the kobold brigand!
Vehumet accepts your kill. 😎 HP[+1]
You now have 46 max hp (+1).
Your hp is fully restored (46).
Casting: Fulminant Prism (safe; 1% risk of failure)
Confirm with . or Enter, or press ? or * to list all spells.
Aiming: Fulminant Prism (safe; 1% risk of failure)
Press: ? - help, Dir - move target You conjure a prism of explosive energy!
A fulminant prism comes into view. 😎 MP[-4]
You lost 4 mp, and now have 15/25 mp.
The kobold throws a stone.
The stone barely misses you.
Your fulminant prism crackles loudly.
The kobold hits your fulminant prism with a +0 whip.
The blast of energy engulfs the kobold!!
You kill the kobold!
Vehumet accepts your kill.
The blast of energy engulfs the kobold!!
You kill the kobold!
Vehumet accepts your kill.
You hear an angry hiss.
You start resting.
A lemure comes into view. 😎 MP[+1]
You climb upwards.
Level annotation: 3 runed translucent doors, exclusion: downstairs, Hubris850's ghost, novice MiMo
There is a stone staircase leading down here.
Things that are here:
a +0 flail {mace}; a +0 robe; an orc skeleton
Things that are here:
a +0 leather armour; a +0 dagger {short}
Things that are here:
a +0 chain mail; a +0 dire flail {mace}; an orc skeleton You see here a +0 club {mace}.
There is an open door here.
You see here a +0 giant club {mace}.
There is a stone staircase leading down here. 😎 MP[+9]
Your mp is fully restored (25).
You climb downwards.
There is a stone staircase leading up here.
Unknown command.
There is a stone staircase leading up here.
r - a +1 chain mail of cold resistance You drop a +1 chain mail of cold resistance.
I - 3 scrolls of identify {@r1} (gained 1)
As you read the scroll of identify {@r1}, it crumbles to dust.
Q - a potion of berserk rage Unknown command.
Unknown command.
A hornet comes into view.
The hornet buzzes angrily.
The hornet moves out of view.
Unknown command.
Casting: Fulminant Prism (safe; 1% risk of failure)
Confirm with . or Enter, or press ? or * to list all spells.
Aiming: Fulminant Prism (safe; 1% risk of failure)
Press: ? - help, Dir - move target
Okay, then.
Casting: Fulminant Prism (safe; 1% risk of failure)
Confirm with . or Enter, or press ? or * to list all spells.
Aiming: Fulminant Prism (safe; 1% risk of failure)
Press: ? - help, Dir - move target You conjure a prism of explosive energy!
A fulminant prism comes into view.
The hornet closely misses you. 😎 MP[-4]
You lost 4 mp, and now have 21/25 mp.
Your fulminant prism crackles loudly.
The hornet stings you!
You are poisoned.
You feel yourself slow down.
The blast of energy engulfs the hornet!!
The blast of energy engulfs you!!
* * * LOW HITPOINT WARNING * * *
You feel very sick. The hornet stings you.
* * * LOW HITPOINT WARNING * * *
You feel as though you will be slow longer. 😱 HP[-39]
You take 39 damage, and now have 7/46 hp.
MASSIVE DAMAGE!! (PAUSE)
Casting: Fulminant Prism (safe; 1% risk of failure)
Confirm with . or Enter, or press ? or * to list all spells.
Aiming: Fulminant Prism (safe; 1% risk of failure)
Press: ? - help, Dir - move target, f - hornet
Aim: a hornet (severely wounded)
Okay, then.
Casting: Fulminant Prism (safe; 1% risk of failure)
Confirm with . or Enter, or press ? or * to list all spells.
Aiming: Searing Ray (safe; 1% risk of failure)
Press: ? - help, Shift-Dir - straight line, f - hornet
Aim: a hornet (severely wounded, 74% to hit)
The searing ray hits the hornet. (Press . to maintain the ray.)
* * * LOW HITPOINT WARNING * * *
You feel very sick. The hornet stings you!
You die...

Skill      XL: |  1  2  3  4  5  6  7  8  9 |
---------------+----------------------------+-----
Spellcasting   | 4 5 6 7 9 10 | 10.0
Conjurations   | 5 6 7 8 10 | 10.0
Hexes          | 1 2 3 5 7 10 | 10.0
Translocations | 1 2 3 |  3.0
Dodging        | 3 |  3.3
Evocations     | 1 |  1.8
Fighting       | |  0.4
Stealth        | |  2.7

Action                   |  1- 3 |  4- 6 |  7- 9 || total
-------------------------+-------+-------+-------++-------
 Cast: Magic Dart        |    43 |    86 |    46 ||   175
       Searing Ray       |     3 |    17 |    29 ||    49
       Fulminant Prism   |       |       |    47 ||    47
  Use: Scroll            |       |    15 |     9 ||    24
Armor: Robe              |       |     5 |     3 ||     8
Dodge: Dodged            |       |    16 |    18 ||    34
       Rpst.: Falchion   |       |     1 |     3 ||     4

Levels and vault maps discovered:
D:1:      dpeg_arrival_caged_fury, layout_basic,
          hellmonk_ecumenical_altar_pennies_from_heaven, serial_bayou_lagoon_b
D:2:      layout_loops_ring, uniq_natasha
D:3:      layout_loops_corners
D:4:      layout_loops_ring
D:5:      layout_cave_pods, minmay_temple_entry_ruins, uniq_eustachio
D:6:      layout_gridville, corexii_hall_statues_i
D:7:      layout_loops_corners, ebering_ghost_rock_garden, minmay_crystal_water
D:8:      layout_layer_cave, old_standard_altar, kennysheep_small_spiral,
          uniq_pikel, uniq_maurice
Temple:   nicolae_temple_the_god_donut

Notes
Turn   | Place    | Note
-------+----------+-------------------------------------------
     0 | D:1      | Sobieck the Deep Elf Conjurer began the quest for the Orb.
     0 | D:1      | Reached XP level 1. HP: 10/10 MP: 6/6
     0 | D:1      | magus.rc [v1.9.6]
     6 | D:1      | Found a runed translucent door.
    27 | D:1      | Found a faded altar of an unknown god.
   167 | D:1      | You pick up a book of Chaos and begin reading...
   167 | D:1      | You add the spells Conjure Ball Lightning, Disjunction and
                  | Discord to your library.
   213 | D:1      | Reached XP level 2. HP: 15/15 MP: 5/8
   216 | D:1      | Learned a level 2 spell: Searing Ray
   770 | D:1      | You fall into a shaft and drop 1 floor!
   774 | D:2      | Reached skill level 4 in Spellcasting
   776 | D:2      | Reached skill level 5 in Conjurations
   776 | D:2      | Reached XP level 3. HP: 19/19 MP: 3/10
   890 | D:2      | Noticed Natasha
   892 | D:2      | Killed Natasha
  1035 | D:2      | Reached XP level 4. HP: 14/24 MP: 7/12
  1189 | D:2      | Noticed Natasha
  1317 | D:1      | You fall into a shaft and drop 1 floor!
  1454 | D:2      | Learned a level 4 spell: Fulminant Prism
  1459 | D:2      | Learned a level 4 spell: Iskenderun's Mystic Blast
  1896 | D:2      | Killed Natasha
  1897 | D:2      | Reached skill level 1 in Hexes
  2101 | D:2      | Reached skill level 5 in Spellcasting
  2217 | D:2      | Noticed Natasha
  2224 | D:2      | Killed Natasha
  2225 | D:2      | Reached skill level 1 in Translocations
  2225 | D:2      | Reached XP level 5. HP: 28/28 MP: 9/14
  2537 | D:3      | You add the spells Ignite Poison, Mephitic Cloud and Bolt
                  | of Magma to your library.
  3164 | D:3      | You pick up a book of Geomancy and begin reading...
  3164 | D:3      | You add the spells Sandblast, Passwall and Lee's Rapid
                  | Deconstruction to your library.
  3538 | D:4      | Noticed an ogre
  3540 | D:4      | HP: 2/28 [ogre (26)]
  3541 | D:4      | Killed an ogre
  3542 | D:4      | Reached skill level 2 in Hexes
  3542 | D:4      | Reached skill level 2 in Translocations
  3851 | D:4      | Reached skill level 6 in Conjurations
  3851 | D:4      | Reached XP level 6. HP: 20/32 MP: 10/16
  4376 | D:4      | Reached skill level 3 in Hexes
  4547 | D:4      | Reached skill level 6 in Spellcasting
  4827 | D:4      | You add the spells Gell's Gravitas, Teleport Other and
                  | Dispersal to your library.
  4850 | D:5      | Entered Level 5 of the Dungeon
  4850 | D:5      | Noticed Eustachio
  5382 | D:5      | Reached skill level 3 in Translocations
  5383 | D:5      | You pick up a book of Decay and begin reading...
  5383 | D:5      | You add the spells Corpse Rot, Dispel Undead and Death
                  | Channel to your library.
  5387 | D:5      | Reached XP level 7. HP: 29/36 MP: 7/18
  5396 | D:5      | Found a staircase to the Ecumenical Temple.
  5407 | Temple   | Entered the Ecumenical Temple
  5495 | Temple   | Became a worshipper of Vehumet
  5519 | D:5      | Reached skill level 4 in Hexes
  5673 | D:5      | You fall into a shaft and drop 2 floors!
  5686 | D:8      | Noticed a wyvern
  5709 | D:7      | Noticed a wraith
  5718 | D:7      | Killed a wraith
  5719 | D:7      | Reached skill level 7 in Spellcasting
  5719 | D:7      | Reached skill level 7 in Conjurations
  5719 | D:7      | Reached skill level 5 in Hexes
  5897 | D:6      | Reached XP level 8. HP: 41/41 MP: 11/21
  6222 | D:5      | Killed Eustachio
  6223 | D:5      | Reached skill level 8 in Spellcasting
  6223 | D:5      | Reached skill level 6 in Hexes
  6512 | D:5      | Reached skill level 8 in Conjurations
  6777 | D:5      | Reached skill level 7 in Hexes
  7081 | D:6      | Reached skill level 9 in Spellcasting
  7430 | D:6      | Reached XP level 9. HP: 34/45 MP: 19/24
  7529 | D:6      | You add the spells Blink, Manifold Assault and Storm Form
                  | to your library.
  7695 | D:6      | Identified the +4 scale mail of Zuaroent {Stlth+}
  7825 | D:6      | Reached skill level 8 in Hexes
  8262 | D:7      | Reached * piety under Vehumet
  8262 | D:7      | Offered knowledge of Shock by Vehumet.
  8266 | D:7      | Reached skill level 9 in Conjurations
  8418 | D:7      | Reached skill level 10 in Spellcasting
  8492 | D:7      | Found a runed translucent gate.
  8492 | D:7      | Found a runed translucent gate.
  8492 | D:7      | Found a runed translucent gate.
  8498 | D:7      | Noticed Hubris850's ghost (novice MiMo)
  8587 | D:7      | You pick up a book of the Senses and begin reading...
  8587 | D:7      | You add the spells Agony and Silence to your library.
  8706 | D:7      | Reached skill level 9 in Hexes
  9684 | D:8      | Noticed Maurice
  9709 | D:8      | Killed Maurice
  9710 | D:8      | Reached skill level 10 in Conjurations
  9710 | D:8      | Reached skill level 10 in Hexes
  9710 | D:8      | Reached skill level 3 in Dodging
  9710 | D:8      | Reached skill level 1 in Evocations
  9927 | D:8      | HP: 7/46 [hornet (6)]
  9928 | D:8      | Slain by a hornet

Vanquished Creatures
  Maurice (D:8)
  A vampire (D:6)
  A wraith (D:7)
  Eustachio (D:5)
  An acid dragon (D:6)
  A necrophage (D:7)
  2 ice beasts
  An orc warrior (D:7)
  2 black bears (D:5)
  2 ogres
  3 centaurs
  2 bullfrogs
  A kobold brigand (D:8)
  3 gnoll sergeants
  4 scorpions
  3 wights (D:7)
  3 bullfrog skeletons
  3 hounds
  2 jellies (D:5)
  4 centaur zombies
  4 iguanas
  Natasha (thrice) (D:2)
  3 orc wizards
  A hound zombie (D:5)
  3 hound skeletons
  16 gnolls
  8 adders
  An ufetubus (D:6)
  A worm (D:2)
  A dart slug (D:1)
  6 orcs
  6 ball pythons
  4 bats
  4 endoplasms
  7 giant cockroaches
  6 goblins
  3 hobgoblins (D:2)
  4 jackals
  15 kobolds
  4 quokkas
  3 frilled lizards (D:1)
  7 rats
151 creatures vanquished.

Vanquished Creatures (others)
  47 fulminant prisms
47 creatures vanquished.

Grand Total: 198 creatures vanquished

Table legend:
 A = Non-vault XP
 B = Vault XP
 C = Vault XP percentage of total XP
 D = Non-vault monster count
 E = Vault monster count
 F = Vault count percentage of total count
                 A         B        C        D         E       F
            +---------+---------+-------+---------+---------+-------
      Total |    4347 |     676 |  13.5 |     148 |       3 |   2.0
            +---------+---------+-------+---------+---------+-------
        D:1 |      34 |       0 |   0.0 |      20 |       0 |   0.0
        D:2 |     137 |      35 |  20.3 |      26 |       1 |   3.7
        D:3 |      33 |       0 |   0.0 |       6 |       0 |   0.0
        D:4 |     405 |       0 |   0.0 |      23 |       0 |   0.0
        D:5 |     895 |     196 |  18.0 |      19 |       1 |   5.0
        D:6 |    1070 |       0 |   0.0 |      19 |       0 |   0.0
        D:7 |    1621 |       0 |   0.0 |      25 |       0 |   0.0
        D:8 |     152 |     445 |  74.5 |      10 |       1 |   9.1
            +---------+---------+-------+---------+---------+-------

Illustrated notes

Table legend:
 A = Kills in this place as a percentage of kills in entire the game.
 B = Kills by you in this place as a percentage of kills by you in the entire game.
 C = Kills by friends in this place as a percentage of kills by friends in the entire game.
 D = Other kills in this place as a percentage of other kills in the entire game.
 E = Experience gained in this place as a percentage of experience gained in the entire game.
 F = Experience gained in this place divided by the number of levels of this place that you have seen.
                   A       B       C       D       E      F
               +-------+-------+-------+-------+-------+----------------------
         Total | 100.0 | 100.0 |   N/A |   N/A | 100.0 | 558.1
       Dungeon | 100.0 | 100.0 |   N/A |   N/A | 100.0 | 627.9
               +-------+-------+-------+-------+-------+----------------------

Table legend: (Time is in decaauts)
 A = Elapsed time spent in this place.
 B = Non-inter-level travel time spent in this place.
 C = Inter-level travel time spent in this place.
 D = Time resting spent in this place.
 E = Time spent auto-exploring this place.
 F = Levels seen in this place.
 G = Mean time per level.
                   A        B        C        D        E       F      G
               +--------+--------+--------+--------+--------+-----+--------+
         Total |   9973 |   9629 |    344 |   1462 |   6998 |   9 | 1108.1 |
       Dungeon |   9871 |   9540 |    331 |   1462 |   6913 |   8 | 1233.9 |
        Temple |    101 |     88 |     13 |      0 |     85 |   1 |  101.0 |
               +--------+--------+--------+--------+--------+-----+--------+

Top non-repeatable levels by time:
     D:7: 1827 daAuts
     D:4: 1518 daAuts
     D:6: 1321 daAuts
     D:2: 1311 daAuts
     D:1: 1252 daAuts
     D:3: 1250 daAuts
     D:5: 1215 daAuts
     D:8: 173 daAuts
  Temple: 101 daAuts
